 Dungeon Crawl Stone Soup version 0.30.0-20-g3615ddf2f0 (webtiles) character file.

Game seed: 5924015182876555412

87 qw the Chopper (level 4, -3/28 HPs)
             Began as a Gargoyle Fighter on May 27, 2023.
             Killed by divine providence
             ... invoked by an orc priest
              (11 damage)
             ... on level 3 of the Dungeon.
             The game lasted 00:00:47 (1704 turns).

qw the Chopper (Gargoyle Fighter)                   Turns: 1704, Time: 00:00:47

Health: -3/28      AC: 11    Str: 22    XL:     4   Next: 51%
Magic:  4/4        EV:  9    Int:  8    God:
Gold:   125        SH:  4    Dex:  9    Spells: 3/3 levels left

rFire   . . .        Y - +1 war axe
rCold   . . .        c - +0 buckler
rNeg    + . .        b - +0 scale mail
rPois   inf          i - +0 helmet
rElec   +            (no cloak)
rCorr   .            (no gloves)
SInv    .            (no boots)
Will    .....        (no amulet) Stlth
                     (no ring)
HPRegen 0.24/turn    (no ring)
MPRegen 0.09/turn

%: no passive effects
@: no status effects
A: sickness immunity, AC +3, negative energy resistance 1, electricity
resistance, torment resistance 1, petrification resistance
a: no special abilities


You were on level 3 of the Dungeon.
You visited 1 branch of the dungeon, and saw 3 of its levels.

You collected 125 gold pieces.


Innate Abilities, Weirdness & Mutations

You are immune to sickness and miasma.
Your stone body is resilient. (AC +3)
You are immune to poison.
You resist negative energy. (rN+)
You are resistant to electric shocks. (rElec)
You are resistant to unholy torment.
You are immune to petrification.


   Skills:
 - Level 3.2 Fighting
 + Level 3.7 Axes
 - Level 1.6 Throwing
 - Level 3.2 Armour
 - Level 3.2 Shields


You had 3 spell levels left.
You didn't know any spells.
Your spell library was empty.

Inventory:

Hand Weapons
 h - a +0 whip
 Y - a +1 war axe (weapon)
Missiles
 k - a javelin (quivered)
Armour
 b - a +0 scale mail (worn)
 c - a +0 buckler (worn)
 i - a +0 helmet (worn)
Scrolls
 a - a scroll of identify
Potions
 d - a potion of might
 e - a potion of curing
 g - a potion of flight {unknown}
 j - a potion of mutation {unknown}
 m - 2 potions of lignification

Dungeon Overview and Level Annotations

Branches:
Dungeon (3/15)

Altars:

Shops:
D:1 *


Message History

You slash the orc!
You kill the orc!
The orc priest casts a cantrip, but nothing happens.
You hear some strange, mumbled words.
A magic dart appears from out of thin air!
The magic dart hits you.
The orc priest mumbles some strange prayers to Beogh against you.
Beogh smites you!
You miss something. Something hits you but does no damage.
You slash something!
Reactivating autopickup.
You feel a bit more experienced.
The orc priest calls down the wrath of Beogh upon you.
Pain shoots through your body!
Your Throwing skill increases to level 1!
You barely miss the orc priest. The orc priest barely misses you.
You hit the orc priest.
The orc priest is moderately wounded.
The orc priest invokes the aid of Beogh against you.
Beogh smites you!
You barely miss the orc priest.
The orc priest is moderately wounded.
The orc priest invokes the aid of Beogh against you.
You barely resist.
The orc priest looks satisfied for a moment.
The orc priest closely misses you.
You barely miss the orc priest.
The orc priest is moderately wounded.
The orc priest hits you but does no damage.
The orc priest looks encouraged for a moment.
You hit the orc priest.
The orc priest is heavily wounded.
The orc priest hits you but does no damage.
You slash the orc priest!
The orc priest is almost dead.
The orc priest invokes the aid of Beogh against you.
Beogh smites you!
You die...

##.............
#............# ###
#.................
###........#.##..##
...........#.##...#
##...........#..# ####
#..........<..# ...?#
#............####....$#
#.............@oo[....#
#.............##[......
)..........##.##
.#####. ####..........#
.# ###...#.#### o#
#.###.# o# .. .. o# o#


You could see 2 orc priests.

Vanquished Creatures
  An orc wizard (D:3)
  An adder (D:2)
  2 dart slugs
  An orc (D:3)
  3 ball pythons
  6 bats
  3 endoplasms (D:1)
  A giant cockroach (D:1)
  4 goblins
  6 hobgoblins
  4 jackals (D:2)
  2 quokkas (D:1)
  2 frilled lizards
  4 kobolds
  2 rats (D:1)
42 creatures vanquished.

Notes
Turn   | Place    | Note
-------+----------+-------------------------------------------
     0 | D:1      | qw the Gargoyle Fighter began the quest for the Orb.
     0 | D:1      | Reached XP level 1. HP: 14/14 MP: 1/1
     0 | D:1      | 0 ||| qw: Version: 0.2-a-99-gce666ed
     0 | D:1      | 0 ||| qw: Game counter: 168
     0 | D:1      | 0 ||| qw: Always use a shield: true
     0 | D:1      | 0 ||| qw: God list: Okawaru
     0 | D:1      | 0 ||| qw: Allow faded altars: false
     0 | D:1      | 0 ||| qw: Do Orc after D:15 true
     0 | D:1      | 0 ||| qw: Do second Lair branch before Depths: true
     0 | D:1      | 0 ||| qw: Lair rune preference: random
     0 | D:1      | 0 ||| qw: Plans: Normal, Zot:1-4, God:TSO, Crypt, Tomb,
                  | Pan, Slime:5, Hells, Abyss, Win
     0 | D:1      | 0 ||| PLANNING D:1-11
    38 | D:1      | 38 ||| Stepping ~*~*~tactically~*~*~ (hiding).
   322 | D:1      | Reached XP level 2. HP: 19/19 MP: 2/2
   337 | D:1      | Found Bietzuc's General Store.
   360 | D:1      | 360 ||| SHOPLISTING +0 chain mail (49 gold, have 45).
   360 | D:1      | 360 ||| SHOPLISTING scroll of brand weapon (104 gold, have
                  | 45).
   401 | D:1      | 401 ||| Stepping ~*~*~tactically~*~*~ (hiding).
   772 | D:1      | Reached skill level 3 in Axes
   816 | D:1      | Reached XP level 3. HP: 23/23 MP: 3/3
  1057 | D:1      | 1057 ||| UPGRADING to +0 helmet.
  1062 | D:1      | 1062 ||| READING 4 scrolls labelled QUTUGY WIUPT.
  1063 | D:1      | 1063 ||| READING scroll labelled TIOV VOIRUZAKO.
  1064 | D:1      | 1064 ||| READING scroll labelled FIUFEPSAWAV.
  1065 | D:1      | 1065 ||| READING scroll labelled FULELO VIDUPAMIV.
  1066 | D:1      | 1066 ||| READING 3 scrolls of identify.
  1066 | D:1      | 1066 ||| IDENTIFYING yellow potion
  1067 | D:1      | 1067 ||| READING 2 scrolls of identify.
  1067 | D:1      | 1067 ||| IDENTIFYING amethyst potion
  1068 | D:1      | 1068 ||| DROPPING potion of magic.
  1286 | D:2      | 1286 ||| Stepping ~*~*~tactically~*~*~ (stealth).
  1418 | D:2      | Reached XP level 4. HP: 27/28 MP: 4/4
  1610 | D:2      | 1610 ||| READING scroll labelled HIAQILE NIEX.
  1611 | D:2      | 1611 ||| DRINKING 3 fuming white potions.
  1655 | D:2      | 1655 ||| READING 2 scrolls of identify.
  1655 | D:2      | 1655 ||| IDENTIFYING metallic blue potion
  1686 | D:3      | 1686 ||| Stepping ~*~*~tactically~*~*~ (hiding).
  1694 | D:3      | HP: 7/28 [orc priest/divine providence (9)]
  1695 | D:3      | 1695 ||| DRINKING potion of heal wounds.
  1699 | D:3      | Reached skill level 1 in Throwing
  1700 | D:3      | HP: 6/28 [orc priest/divine providence (7)]
  1704 | D:3      | Killed from afar by an orc priest

Levels and vault maps discovered:
D:1:      minmay_arrival_glassed_features, layout_loops_corners, serial_shops,
          nicolae_shop_tiny_glass
D:2:      layout_rooms
D:3:      layout_rooms, fedhas_altar_1, mainiacjoe_overflow_cross_hatched,
          nicolae_overflow_hidden_temple, minmay_ogre_servants, uniq_robin

Skill      XL: |  1  2  3  4 |
---------------+-------------+-----
Axes           | 2 3 |  3.7
Throwing       | 1 |  1.6
Fighting       | |  3.2
Armour         | |  3.2
Shields        | |  3.2

Action                     |  1- 3 |  4- 6 || total
---------------------------+-------+-------++-------
  Melee: War axe           |    89 |    13 ||   102
  Throw: Javelin           |     5 |     2 ||     7
    Use: Scroll            |     6 |     2 ||     8
         Potion            |       |     2 ||     2
 Armour: Scale mail        |    41 |     7 ||    48
  Dodge: Dodged            |    40 |     2 ||    42
  Block: Buckler           |    13 |     1 ||    14

Table legend:
 A = Non-vault XP
 B = Vault XP
 C = Vault XP percentage of total XP
 D = Non-vault monster count
 E = Vault monster count
 F = Vault count percentage of total count
                 A         B        C        D         E       F
            +---------+---------+-------+---------+---------+-------
      Total |     125 |       0 |   0.0 |      42 |       0 |   0.0
            +---------+---------+-------+---------+---------+-------
        D:1 |      40 |       0 |   0.0 |      22 |       0 |   0.0
        D:2 |      45 |       0 |   0.0 |      17 |       0 |   0.0
        D:3 |      40 |       0 |   0.0 |       3 |       0 |   0.0
            +---------+---------+-------+---------+---------+-------
